 Dungeon Crawl Stone Soup version 0.20-a0-647-gf178af5 (webtiles) character file.

4 Jackolantern the Magician (level 1, 0/16 HPs)
             Began as a Troll Wizard on Feb 15, 2017.
             Slain by a rat (3 damage)
             ... on level 1 of the Dungeon.
             The game lasted 00:00:24 (35 turns).

Jackolantern the Magician (Troll Wizard)              Turns: 35, Time: 00:00:25

Health: 0/16       AC:  5    Str: 14    XL:     1   Next: 58%
Magic:  2/2        EV: 10    Int: 14    God:
Gold:   0          SH:  0    Dex:  8    Spells: 3/4 levels left

rFire    . . .     SeeInvis .   (no weapon)
rCold    . . .     Gourm    +   a - +0 robe
rNeg     . . .     Faith    .   (no shield)
rPois    .         Spirit   .   b - +0 hat
rElec    .         Reflect  .   (no cloak)
rCorr    .         Harm     .   (gloves unavailable)
MR       .....                  (boots unavailable)
Stlth    +.........             (no amulet)
Regen    0.5/turn               (no ring)
MPRegen  0.1/turn               (no ring)

@: no status effects
A: unfitting armour, claws 3, fast metabolism 3, gourmand, regeneration 1,
shaggy fur 1, tough skin 2
a: no special abilities


You were on level 1 of the Dungeon.
You were not hungry.

You visited 1 branch of the dungeon, and saw 1 of its levels.

Inventory:

Armour
 a - a +0 robe (worn)
 b - a +0 hat (worn)
Books
 c - a book of Minor Magic

   Spells                             Type                      Level
   a - Magic Dart                     Conjuration                  1
   b - Blink                          Translocation                2
   c - Call Imp                       Summoning                    2
   d - Slow                           Hexes                        2
   e - Conjure Flame                  Conjuration/Fire             3
   f - Mephitic Cloud                 Conjuration/Poison/Air       3
Comestibles
 d - 2 bread rations


   Skills:
 + Level 1.7 Dodging
 + Level 1.0 Stealth
 + Level 2.0 Spellcasting
 + Level 0.6 Conjurations
   Level 0.6 Summonings
   Level 0.6 Translocations


You had 3 spell levels left.
You knew the following spells:

 Your Spells              Type           Power        Failure   Level  Hunger
a - Magic Dart            Conj           #...         21%         1    ##.....


Dungeon Overview and Level Annotations

Branches:
Dungeon (1/15)

Altars:


Innate Abilities, Weirdness & Mutations

You are too large for most types of armour.
You have claws for hands.
Your metabolism is lightning-fast.
You like to eat raw meat.
Your natural rate of healing is unusually fast.
You are covered in fur. (AC +1)
You have very tough skin. (AC +2)


Message History

The rat bites you but does no damage. The goblin hits you but does no damage.
The rat twitches its whiskers.
The rat bites you but does no damage. The jackal closely misses you.
The goblin hits you but does no damage.
Things that are here:
a frilled lizard corpse; a jackal corpse The rat bites you.
* * * LOW HITPOINT WARNING * * *
The jackal bites you.
* * * LOW HITPOINT WARNING * * *
The rat bites you but does no damage.
A bat comes into view.
You scratch the jackal.
You kill the jackal!
The bat barely misses you. The bat hits you but does no damage.
The rat closely misses you. The bat closely misses you. The bat hits you.
* * * LOW HITPOINT WARNING * * *
The goblin hits you but does no damage. The rat bites you.
You die...

#.##. ..... ...#
###...## #....)..
########......
##.......r.#
##.....††g@b#
##..#######..#
#...#...†.#..#
#####...#.≈wX.#...#
#.....<.#†≈www#.....
#.###...#.≈≈≈†#..#...
#...#..††.#......#
#.....#######..##...
.....#.#........


You could see a goblin, a bat, a rat, a neutral kraken and 4 neutral tentacles.

Vanquished Creatures
  3 jackals (D:1)
  A frilled lizard (D:1)
4 creatures vanquished.

Vanquished Creatures (others)
  2 draconians (D:1)
  2 gargoyles (D:1)
  2 elves (D:1)
  A formicid (D:1)
  A spriggan (D:1)
  A human (D:1)
  3 mummies (D:1)
  A tentacle (D:1)
13 creatures vanquished.

Grand Total: 17 creatures vanquished

Notes
Turn   | Place    | Note
-------+----------+-------------------------------------------
     0 | D:1      | Jackolantern the Troll Wizard began the quest for the Orb.
     0 | D:1      | Reached XP level 1. HP: 16/16 MP: 2/2
     0 | D:1      | Noticed a human
     0 | D:1      | Noticed a formicid
     0 | D:1      | Noticed a draconian
     0 | D:1      | Noticed a gargoyle
     0 | D:1      | Noticed a kraken
     0 | D:1      | Noticed an elf
     0 | D:1      | Noticed a gargoyle
     0 | D:1      | Noticed an elf
     0 | D:1      | Noticed a spriggan
     0 | D:1      | Noticed a draconian
     4 | D:1      | Killed a spriggan
     7 | D:1      | Killed an elf
     7 | D:1      | Killed an elf
     9 | D:1      | Killed a gargoyle
     9 | D:1      | Killed a gargoyle
     9 | D:1      | Killed a draconian
    11 | D:1      | Killed a formicid
    11 | D:1      | Killed a human
    14 | D:1      | Killed a draconian
    35 | D:1      | Slain by a rat

Vault maps used:
D:1:      nicolae_arrival_kraken_aquarium_a, hangedman_decor_growths,
          serial_bayou_pond_e, tso_metal_star

Action                   || total
-------------------------++-------
Melee: Unarmed           ||     9
Armor: Robe              ||    11
Dodge: Dodged            ||    12
